 Dungeon Crawl Stone Soup version 0.21-a0-361-g4efd3f9 (webtiles) character file.

1409 Ijustatesigmund the Vexing (level 8, -1/39 HPs)
             Began as a Spriggan Enchanter on Oct 13, 2017.
             Slain by a troll (16 damage)
             ... on level 7 of the Dungeon.
             The game lasted 00:32:05 (10631 turns).

Ijustatesigmund the Vexing (Spriggan Enchanter)    Turns: 10631, Time: 00:32:05

Health: -1/39      AC:  3    Str:  4    XL:     8   Next: 42%
Magic:  17/17      EV: 18    Int: 19    God:
Gold:   409        SH:  0    Dex: 16    Spells: 10/18 levels left

rFire    . . .     SeeInvis +   a - +1 dagger
rCold    . . .     Gourm    .   (shield restricted)
rNeg     . . .     Faith    .   b - +1 robe
rPois    .         Spirit   .   (helmet restricted)
rElec    .         Reflect  .   (no cloak)
rCorr    .         Harm     .   (gloves unavailable)
MR       +....                  (boots unavailable)
Stlth    +++.......             g - amulet of rage
HPRegen  0.13/turn              (no ring)
MPRegen  0.15/turn              (no ring)

@: very quick
A: unfitting armour, see invisible, herbivore 3, speed 3, slow metabolism 2
a: Evoke Berserk Rage


You were on level 7 of the Dungeon.
You were not hungry.

You visited 1 branch of the dungeon, and saw 7 of its levels.

You collected 409 gold pieces.

Inventory:

Hand Weapons
 a - a +1 dagger (weapon)
 m - a +0 blowgun
 q - the +7 long sword "Tormentor" {drain, Str+2 Dex+5}
   (You found it on level 6 of the Dungeon)

   A truly terrible weapon, it drains the life of those it strikes.
   It affects your strength (+2).
   It affects your dexterity (+5).
Missiles
 n - a poisoned needle
Armour
 b - a +1 robe (worn)
Jewellery
 g - an amulet of rage (around neck)
Wands
 e - a wand of iceblast (6/15)
 p - a wand of clouds (7/9)
 w - a wand of polymorph (9/24)
 x - a wand of random effects (16/48)
 B - a wand of random effects (12/48)
Scrolls
 i - a scroll of teleportation
 o - a scroll of fog
 s - 2 scrolls of immolation
 u - a scroll of enchant armour
 A - a scroll of fear
Potions
 f - 2 potions of lignification
 h - 3 potions of brilliance
 j - a potion of flight
 k - a potion of heal wounds
 l - a potion of magic
 t - a potion of haste {unknown}
 v - 3 potions of agility {unknown}
 z - 2 potions of mutation {unknown}
 C - a potion of curing {unknown}
 D - a potion of might
Books
 c - a book of Maledictions

   Spells                             Type                      Level
   a - Corona                         Hexes                        1
   b - Ensorcelled Hibernation        Hexes/Ice                    2
   c - Confuse                        Hexes                        3
   d - Tukima's Dance                 Hexes                        3
   e - Dazzling Spray                 Conjuration/Hexes            3
 y - a book of Air

   Spells                             Type                      Level
   a - Shock                          Conjuration/Air              1
   b - Swiftness                      Charms/Air                   2
   c - Static Discharge               Conjuration/Air              3
   d - Airstrike                      Air                          4
   e - Lightning Bolt                 Conjuration/Air              5
Comestibles
 r - 3 bread rations
 E - 4 fruits


   Skills:
 + Level 2.3 Fighting
 - Level 3.6 Short Blades
 - Level 1.0 Throwing
 - Level 3.3 Dodging
 - Level 5.8 Stealth
 - Level 5.6 Spellcasting
 + Level 1.5 Conjurations
 - Level 6.6 Hexes
 + Level 4.6 Ice Magic


You had 10 spell levels left.
You knew the following spells:

 Your Spells              Type           Power        Failure   Level  Hunger
a - Corona                Hex            ####...      1%          1    None
b - Ensorcelled Hibernat  Hex/Ice        ####..       1%          2    None
c - Dazzling Spray        Conj/Hex       ###...       6%          3    ##.....
d - Swiftness             Chrm/Air       #.......     19%         2    None


Dungeon Overview and Level Annotations

Branches:
Dungeon (7/15)
 Temple: D:4-7

Altars:
Cheibriados
Dithmenos
Fedhas
Gozag
Qazlal
Wu Jian

Shops:
D:5 =

Annotations:
D:6 Grinder; tof's ghost, novice TrMo


Innate Abilities, Weirdness & Mutations

You are very small and have problems with some larger weapons.
You are too small for most types of armour.
You have supernaturally acute eyesight. (SInv)
You are a herbivore.
You cover ground extremely quickly.
You need consume almost no food.


Message History

You hit the shadow imp.
The shadow imp is almost dead.
The shadow imp gestures at you. You resist with some effort.
You hit the shadow imp.
You kill the shadow imp!
The human hits you with a hand axe.
You hit the human but do no damage. You hit the human but do no damage.
The human closely misses you.
The orc shouts!
You hit the troll but do no damage.
The orc throws a stone.
The stone hits you but does no damage. The human closely misses you.
You hit the troll.
The troll is lightly wounded.
The troll misses you. The troll claws you. The troll claws you!
The orc throws a stone.
The stone closely misses you.
You hit the troll.
The troll is lightly wounded.
The human hits you with a hand axe! The troll bites you!
You die...

(.(.(...# .........#
...o.....#########
.......(.........#
#.....)(!...?....#
#.....).........#
##..............#
##......p......#
##....T@......# .#####
###...(......# ..†..####
##.(........
........#####...........
...........)...###......
##.........)..## #.....
#######..<...# ..###
##...(.#### .##
#....[......


You could see a troll, a human and an orc.

Vanquished Creatures
  Duvessa (D:5)
  2 ogres
  A centaur (D:7)
  Dowan (D:5)
  A scorpion (D:5)
  4 killer bees
  A howler monkey (D:4)
  A crimson imp (D:7)
  2 jellies (D:5)
  2 hounds
  3 orc priests
  2 orc wizards
  3 iguanas
  Natasha (D:3)
  2 worker ants (D:5)
  A mummy (D:5)
  A worker ant zombie (D:6)
  A howler monkey skeleton (D:4)
  7 adders
  A shadow imp (D:7)
  3 oozes
  An adder zombie (D:5)
  An adder skeleton (D:7)
  4 worms
  2 dart slugs (D:1)
  6 leopard geckos
  24 orcs
  A ball python (D:2)
  6 bats (D:1)
  7 giant cockroaches
  7 goblins
  11 hobgoblins
  10 jackals
  7 quokkas
  5 frilled lizards
  A hobgoblin zombie (D:5)
  5 kobolds
  A leopard gecko zombie (D:5)
  3 orc zombies (D:5)
  6 rats
  A plant (D:1)
150 creatures vanquished.

Notes
Turn   | Place    | Note
-------+----------+-------------------------------------------
     0 | D:1      | Ijustatesigmund the Spriggan Enchanter began the quest for the Orb.
     0 | D:1      | Reached XP level 1. HP: 9/9 MP: 5/5
   113 | D:1      | Reached XP level 2. HP: 13/13 MP: 7/7
   239 | D:1      | Learned a level 2 spell: Ensorcelled Hibernation
  1390 | D:1      | Reached XP level 3. HP: 8/16 MP: 5/9
  2298 | D:2      | Learned a level 3 spell: Dazzling Spray
  3872 | D:2      | Reached XP level 4. HP: 21/21 MP: 11/11
  4367 | D:2      | Reached skill level 5 in Stealth
  5203 | D:3      | Noticed Natasha
  5209 | D:3      | Killed Natasha
  5209 | D:3      | Reached skill level 1 in Fighting
  5209 | D:3      | Reached XP level 5. HP: 18/25 MP: 10/12
  6003 | D:3      | Found a stormy altar of Qazlal.
  6162 | D:4      | Reached skill level 1 in Throwing
  6162 | D:4      | Reached skill level 5 in Spellcasting
  6547 | D:4      | Noticed an ogre
  6576 | D:4      | Killed an ogre
  6576 | D:4      | Reached skill level 1 in Ice Magic
  6576 | D:4      | Reached XP level 6. HP: 30/30 MP: 15/15
  7143 | D:5      | Entered Level 5 of the Dungeon
  7191 | D:5      | Found a blossoming altar of Fedhas.
  7201 | D:5      | Found an ornate altar of the Wu Jian Council.
  7277 | D:5      | Learned a level 2 spell: Swiftness
  7620 | D:5      | Found an opulent altar of Gozag.
  7644 | D:5      | Reached skill level 4 in Hexes
  7644 | D:5      | Reached XP level 7. HP: 33/33 MP: 13/16
  8014 | D:5      | Found a snail-covered altar of Cheibriados.
  8018 | D:5      | Found a shadowy altar of Dithmenos.
  8039 | D:5      | Noticed Dowan
  8040 | D:5      | Noticed Duvessa
  8048 | D:5      | Killed Duvessa
  8048 | D:5      | Reached skill level 5 in Hexes
  8049 | D:5      | Killed Dowan
  8140 | D:5      | Reached skill level 6 in Hexes
  8573 | D:5      | Found Solaiwna's Jewellery Emporium.
  8640 | D:6      | Noticed tof's ghost (novice TrMo)
  8975 | D:5      | Reached XP level 8. HP: 32/37 MP: 14/17
  9604 | D:6      | Got an ichor-stained long sword
  9605 | D:6      | Identified the +7 long sword "Tormentor" {drain, Str+2 Dex+5} (You found it on level 6 of the Dungeon)
  9651 | D:6      | Noticed Grinder
 10046 | D:7      | Reached skill level 1 in Conjurations
 10622 | D:7      | Noticed a troll
 10631 | D:7      | Slain by a troll

Vault maps used:
D:1:      onia_arrival_mini_maze_b
D:3:      nicolae_qazlal_eye_of_the_storm, hex_tiny, uniq_natasha
D:4:      minmay_opposing_rooms, first_bread
D:5:      nicolae_overflow_hidden_temple, serial_shops, nicolae_shop_trees,
          minmay_mini_ossuary, uniq_duvessa
D:6:      due_unseen_surprise, uniq_grinder
D:7:      lemuel_round_altar, minmay_temple_entry_trees, grunt_livestock

Skill      XL: |  1  2  3  4  5  6  7  8 |
---------------+-------------------------+-----
Spellcasting   | 3 4 5 |  5.6
Short Blades   | 2 3 |  3.6
Stealth        | 5 |  5.8
Fighting       | 1 2 |  2.3
Throwing       | 1 |  1.0
Ice Magic      | 1 2 3 4 |  4.6
Hexes          | 4 6 |  6.6
Conjurations   | 1 |  1.5
Dodging        | |  3.3

Action                   |  1- 3 |  4- 6 |  7- 9 || total
-------------------------+-------+-------+-------++-------
Melee: Dagger            |   371 |   178 |    75 ||   624
       Long sword        |       |       |    33 ||    33
 Fire: Blowgun           |       |    65 |    18 ||    83
Throw: Tomahawk          |       |     3 |     7 ||    10
 Cast: Corona            |    15 |     8 |     9 ||    32
       Ensorcelled Hiber |    13 |    14 |    52 ||    79
       Dazzling Spray    |       |       |     4 ||     4
 Abil: Evoke Berserk Rag |     1 |       |     1 ||     2
Evoke: Wand              |       |     4 |     4 ||     8
  Use: Scroll            |     2 |    14 |     2 ||    18
 Stab: Sleeping          |    10 |    19 |    28 ||    57
       Distracted        |       |       |     1 ||     1
       Invisible         |       |       |     1 ||     1
  Eat: Fruit             |     3 |       |       ||     3
       Bread ration      |       |     1 |       ||     1
       Royal jelly       |       |       |     1 ||     1
Armor: Robe              |    22 |     7 |    11 ||    40
Dodge: Dodged            |   158 |   135 |   122 ||   415
       Rpst.: Long sword |       |       |    16 ||    16

Table legend:
 A = Spawn XP
 B = Non-spawn XP
 C = Spawn XP percentage of total XP
 D = Spawn monster count
 E = Non-spawn monster count
 F = Spawn count percentage of total count
 G = Total turns spent on level
                    A         B        C        D         E        F      G
               +---------+---------+-------+---------+---------+-------+---------
         Total |       0 |    2013 |   0.0 |       0 |     149 |   0.0 | 10631
               +---------+---------+-------+---------+---------+-------+---------
           D:1 |       0 |      47 |   0.0 |       0 |      26 |   0.0 |  1914
           D:2 |       0 |      75 |   0.0 |       0 |      22 |   0.0 |  2397
           D:3 |       0 |     155 |   0.0 |       0 |      23 |   0.0 |  1770
           D:4 |       0 |     296 |   0.0 |       0 |      15 |   0.0 |  1062
           D:5 |       0 |    1014 |   0.0 |       0 |      41 |   0.0 |  2520
           D:6 |       0 |      63 |   0.0 |       0 |       4 |   0.0 |   115
           D:7 |       0 |     363 |   0.0 |       0 |      18 |   0.0 |   853
               +---------+---------+-------+---------+---------+-------+---------
